 Dungeon Crawl Stone Soup version 0.18-a0-844-g9229740 (webtiles) character file.

51 4thArraOfDagon the Chopper (level 3, 1/33 HPs)
             Began as a Hill Orc Berserker on Dec 18, 2015.
             Was a Follower of Trog.
             Quit the game on level 6 of the Dungeon.
             The game lasted 00:02:27 (489 turns).

4thArraOfDagon the Chopper (Hill Orc Berserker)      Turns: 489, Time: 00:02:28

Health: 1/33       AC: 10    Str: 19    XL:     3   Next: 83%
Magic:  3/3        EV: 13    Int: 11    God:    Trog [*.....]
Gold:   76         SH:  0    Dex: 15    Spells: 0 memorised, 2 levels left

rFire  . . .     SeeInvis .     a - +1 hand axe
rCold  . . .     Gourm    .     f - +0 chain mail
rNeg   . . .     Faith    .     (no shield)
rPois  .         Spirit   .     h - +0 hat {MR+}
rElec  .         Dismiss  .     (no cloak)
rCorr  .         Reflect  .     (no gloves)
SustAt .         Harm     .     (no boots)
MR     +....                    (no amulet)
Stlth  ..........               (no ring)
                                (no ring)

@: brilliant, agile, lethally poisoned (1 -> -4), very slightly contaminated,
hasted, very quick, somewhat resistant to hostile enchantments, extremely
unstealthy
A: dopey 1, shaggy fur 1, subdued magic 1
a: Berserk, Burn Spellbooks, Renounce Religion


You were on level 6 of the Dungeon.
You worshipped Trog.
Trog was aware of your devotion.
You were not hungry.

You visited 1 branch of the dungeon, and saw 6 of its levels.

You collected 76 gold pieces.

Inventory:

Hand Weapons
 a - a +1 hand axe (weapon)
Armour
 f - a +0 chain mail (worn)
 h - a +0 hat of magic resistance (worn)
Scrolls
 d - a scroll of enchant armour {unknown}
 g - a scroll of enchant weapon
 l - a scroll of magic mapping {unknown}
Comestibles
 c - 2 bread rations
 m - a chunk of flesh


   Skills:
 + Level 4.1 Fighting
 * Level 5.2 Axes
 + Level 2.9 Armour
 - Level 1.5 Dodging


You had 2 spell levels left.
You didn't know any spells.

Dungeon Overview and Level Annotations

Branches:
Dungeon (6/15)
 Temple: D:4-7

Altars:

Annotations:
D:4 Eustachio
D:5 MordorOrchid's ghost, novice SpEE


Innate Abilities, Weirdness & Mutations

You are dopey. (Int -2)
You are covered in fur (AC +1).
Your spells are a little easier to cast, but a little less powerful.


Message History

Okay, then.
* * * LOW HITPOINT WARNING * * *
You feel sick.
* * * LOW HITPOINT WARNING * * *
You feel sick.
Found a throwing net.
Read which item? (? for menu, Esc to quit)
As you read the scroll labeled BIFUYS CIEGGO, it crumbles to dust.
It is a scroll of enchant weapon.
Enchant which weapon? (? for menu, Esc to quit)
Your +0 hand axe glows red for a moment.
* * * LOW HITPOINT WARNING * * *
You feel sick.
Read which item? (? for menu, Esc to quit)
Blink to where?
Press: ? - help, Dir - move target cursor
As you read the scroll labeled ZACOSI OTUALA, it crumbles to dust.
It was a scroll of blinking.
A phantom comes into view.
Are you sure you want to abandon this character and quit the game? (Confirm with "yes".)

###### ### .....
..# #...# #.#
#...#####.#
.......##.#
#...##....########
#...#####§.....(.#
..........######@#
#†######### #.#
#.# #W# #.# #.#
..# #.# ### #.#
#.# #..


You could see a phantom.

Vanquished Creatures
  A hound (D:4)
  3 orcs
  2 giant cockroaches
  3 goblins
  4 jackals (D:4)
  A bat (D:1)
  3 giant geckos (D:3)
  A rat (D:3)
18 creatures vanquished.

Notes
Turn   | Place    | Note
--------------------------------------------------------------
     0 | D:1      | 4thArraOfDagon the Hill Orc Berserker began the quest for the Orb.
     0 | D:1      | Reached XP level 1. HP: 19/19 MP: 1/1
   155 | D:3      | Reached XP level 2. HP: 14/27 MP: 2/2
   188 | D:4      | Reached XP level 3. HP: 28/33 MP: 3/3
   226 | D:5      | Entered Level 5 of the Dungeon
   226 | D:5      | Noticed MordorOrchid's ghost (novice SpEE)
   300 | D:4      | Reached skill level 5 in Axes
   437 | D:4      | Noticed Eustachio
   474 | D:6      | Gained mutation: You are dopey. (Int -2) [potion of mutation]
   474 | D:6      | Gained mutation: You are covered in fur (AC +1). [potion of mutation]
   474 | D:6      | Gained mutation: Your spells are a little easier to cast, but a little less powerful. [potion of mutation]
   487 | D:6      | HP: 1/33 [poison (a potion of poison)]
   488 | D:6      | Noticed a phantom
   489 | D:6      | Quit the game

Vault maps used:
D:1:      mrwooster_arrival_statue, minivault_25
D:2:      lemuel_crystal_altar, uniq_jessica
D:4:      minmay_temple_entry_grid, first_bread, corexii_checkpoint_b,
          uniq_grinder, uniq_menkaure, uniq_eustachio
D:5:      gammafunk_pakellas_cloud_experiment
D:6:      grunt_temple_overflow_open, serial_shops, nicolae_shop_behind_doors

Action                   || total
-------------------------++-------
Melee: Hand axe          ||    73
Invok: Berserk           ||     2
  Use: Potion            ||     5
       Scroll            ||     2
  Eat: Chunk             ||     1
